Map: Newkirk Precinct TE (Void)

Players

Musumeci

  • Race: Zerg Zerg
  • League: Diamond
  • Spawn Location: 5:00

MichyMoko - Winner!

  • Race: Zerg Zerg
  • Spawn Location: 7:00

VOD

Have the link to the VOD?

Description

Time

  • Played on: March 13, 2017, 6:45 a.m.
  • Length: 10:38
Show
View Real Time Build Order
Export as new Build Order

Musumeci Zerg 

Build Orders: Pool First 

Get SALT Encoding   

  12  0:05  Drone  
  13  0:09  Extractor  
  13  0:11  Drone  
  13  0:16  Drone  
  15  0:24  Overlord  
  15  0:43  Drone x2  
  17  0:50  Extractor  
  17  0:53  Spawning Pool  
  17  0:54  Drone  
  16  0:58  Drone  
  17  1:09  Drone  
  17  1:29  Drone  
  17  1:32  Drone  
  19  1:34  Hatchery  
  18  1:44  Queen  
  20  2:05  Metabolic Boost  
  20  2:07  Zergling x2  
  21  2:09  Drone  
  21  2:11  Overlord  
  22  2:29  Queen, Drone  
  25  2:30  Drone  
  25  2:34  Roach Warren  
  25  2:39  Drone  
  25  3:00  Drone x2  
  25  3:01  Drone x3  
  25  3:02  Drone  
  31  3:09  Zergling x2  
  32  3:16  Roach  
  32  3:19  Roach  
  34  3:55  Queen  
  34  4:00  Overlord  
  34  4:01  Overlord  
  36  4:05  Lair  
  36  4:07  Extractor  
  35  4:18  Roach x3  
  35  4:19  Roach  
  35  4:20  Hatchery  
  41  4:37  Ravager  
  42  4:50  Drone x8  
  50  5:01  Extractor  
  50  5:05  Evolution Chamber  
  48  5:07  Zergling x2  
  48  5:08  Zergling x4  
  51  5:35  Overlord x2  
  50  5:58  Roach  
  50  5:59  Roach x7  
  50  6:00  Overlord  
  50  6:01  Overlord  
  50  6:04  Glial Reconstitution, Overlord x2  
  66  6:26  Drone x3  
  66  6:27  Queen, Drone x6  
  66  6:31  Zerg Missile Weapons Level 1  
  77  6:34  Drone x3, Extractor  
  78  6:54  Drone x2  
  78  6:55  Drone  
  78  6:56  Drone x5  
  78  7:01  Evolution Chamber  
  84  7:08  Overlord  
  84  7:10  Overlord  
  84  7:15  Roach x2  
  88  7:16  Roach x3  
  88  7:21  Ravager x3  
  97  7:28  Burrow  
  97  7:46  Extractor  
  97  7:47  Extractor  
  95  7:59  Drone x3  
  95  8:00  Drone x3  
  95  8:01  Drone x5  
  95  8:02  Drone x4  
  104  8:24  Hydralisk Den  
  67  8:46  Spore Crawler x2  
  65  8:51  Spore Crawler  
  65  8:55  Hydralisk, Spore Crawler  
  63  8:56  Hydralisk x14, Spore Crawler  
  63  8:59  Zergling x4  
  63  9:00  Spore Crawler  
  93  9:19  Queen, Roach x2  
  82  9:34  Roach x10  
  88  9:39  Roach x2  
  68  10:00  Roach x7  
  68  10:01  Roach  
Show
View Real Time Build Order
Export as new Build Order

MichyMoko Zerg - Winner!

Build Orders: Pool First 

Get SALT Encoding   

  12  0:01  Drone  
  13  0:13  Overlord  
  13  0:18  Drone  
  14  0:32  Drone  
  14  0:33  Drone  
  16  0:36  Drone  
  17  0:47  Spawning Pool  
  16  0:50  Drone  
  16  0:55  Extractor  
  17  0:57  Drone  
  17  1:22  Hatchery  
  16  1:31  Drone  
  17  1:35  Queen  
  17  1:38  Zergling x2  
  20  1:46  Overlord  
  20  1:51  Zergling x2  
  21  1:54  Drone  
  22  2:06  Metabolic Boost  
  22  2:09  Drone  
  23  2:25  Queen  
  23  2:27  Zergling x2  
  23  2:28  Drone  
  26  2:51  Zergling x4  
  28  3:00  Queen  
  30  3:11  Roach Warren  
  30  3:12  Drone, Zergling x4  
  32  3:13  Drone x2  
  34  3:34  Zergling x4  
  34  3:50  Zergling x4  
  33  4:02  Roach  
  35  4:03  Overlord x2  
  35  4:07  Lair  
  35  4:08  Overlord x2  
  35  4:15  Drone, Overlord  
  36  4:21  Drone x2  
  35  4:42  Drone  
  35  4:43  Roach, Drone x3  
  35  4:44  Roach x3  
  46  4:54  Drone  
  46  4:55  Drone x2  
  46  4:57  Extractor  
  49  5:07  Zergling x4  
  50  5:24  Glial Reconstitution  
  50  5:26  Drone x3  
  54  5:28  Drone x4  
  56  5:44  Ravager  
  54  5:59  Hatchery  
  53  6:08  Extractor  
  53  6:09  Extractor, Overlord  
  53  6:10  Roach x7  
  53  6:11  Roach x2  
  69  6:23  Spire  
  68  6:36  Overlord  
  68  6:37  Drone  
  68  6:38  Drone x2  
  71  6:54  Overlord x2  
  71  6:56  Zergling x4  
  71  6:57  Roach x2  
  77  7:02  Drone  
  77  7:03  Drone x3  
  77  7:06  Zergling x6  
  84  7:14  Evolution Chamber  
  83  7:15  Evolution Chamber  
  83  7:16  Drone x2  
  83  7:17  Drone  
  85  7:25  Ravager x2  
  85  7:26  Ravager x2  
  89  7:35  Mutalisk  
  89  7:36  Mutalisk x2  
  92  7:54  Mutalisk x2  
  96  7:59  Overlord x2  
  96  8:00  Zergling x10  
  96  8:05  Drone x4  
  105  8:06  Overlord x2  
  105  8:10  Extractor  
  81  8:43  Roach x8  
  81  8:44  Roach x7  
  111  8:55  Roach  
  113  8:56  Roach x5  
  123  9:12  Zergling x2  
  123  9:13  Zergling x8  
  116  9:51  Roach  
  116  9:52  Roach x10  
  138  9:54  Overlord x2  
  138  9:56  Overlord  
  138  9:57  Overlord  
  136  10:15  Roach x4  
  136  10:16  Roach x3  
Tags
 
Add a new tag
Caveats
  • Supply blocks, unpowered buildings, or Contaminate may cause inaccurate times.
  • Supply counts are checked every 10 seconds.